PBL
BROCKTON ROX @ LONDON MAJORS
05/28/2048
 
TOP OF THE 1ST
Brockton Rox batting - Pitching for London Majors : RHP Tony Ortiz
Pitching: RHP Tony Ortiz
Batting: LHB Eric Gaugler 0-0: Called Strike
0-1: Ball
1-1: Foul Ball, location: 2F
1-2: Ball
2-2: Ball
3-2: Strikes out looking
Batting: RHB Jose Blocker 0-0: Bunt missed!
0-1: Called Strike
0-2: Fly out, F9 (Line Drive, 9S, EV 97.5 MPH)
Batting: RHB Bob Reichley 0-0: Swinging Strike
0-1: Ball
1-1: Called Strike
1-2: Strikes out looking
Top of the 1st over - 0 runs, 0 hits, 0 errors, 0 left on base; Brockton 0 - London 0
BOTTOM OF THE 1ST
London Majors batting - Pitching for Brockton Rox : LHP Ryan Davis
Pitching: LHP Ryan Davis
Batting: RHB Carlos Murillo 0-0: Ball
1-0: Ball
2-0: Fly out, F8 (Flyball, 8RXD, EV 91.9 MPH)
Batting: RHB Cedric Nicholls 0-0: Ball
1-0: Ball
2-0: Foul Ball, location: 2F
2-1: Ball
3-1: Swinging Strike
3-2: Base on Balls
Batting: SHB Toby Patenaude 0-0: Ball
1-0: Ball
2-0: Called Strike
2-1: Ball
3-1: Foul Ball, location: 2F
3-2: SINGLE (Groundball, 6MD, EV 103.8 MPH)
Cedric Nicholls to second
Cedric Nicholls to third
Batting: LHB Jessie Stewart 0-0: Ball
1-0: Ball
2-0: Swinging Strike
2-1: Called Strike
Toby Patenaude steals 2nd, throwing error, E2
Cedric Nicholls scores
Toby Patenaude to third
2-2: Foul Ball, location: 2F
2-2: Foul Ball, location: 2F
2-2: Strikes out swinging
Batting: RHB Cormackle Poohdatoot 0-0: Ball
1-0: Ball
2-0: Foul Ball, location: 2F
2-1: Ball
3-1: Base on Balls
Batting: SHB Steve Ramsey 0-0: Swinging Strike
0-1: Ball
1-1: Ball
2-1: Called Strike
2-2: Foul Ball, location: 2F
2-2: Strikes out swinging
Bottom of the 1st over - 1 run, 1 hit, 1 error, 2 left on base; Brockton 0 - London 1
TOP OF THE 2ND
Brockton Rox batting - Pitching for London Majors : RHP Tony Ortiz
Batting: RHB Luis Nino 0-0: Fly out, F7 (Line Drive, 7S, EV 91.9 MPH)
Batting: SHB Mel Gonzalez 0-0: Called Strike
0-1: Ball
1-1: Swinging Strike
1-2: Strikes out swinging
Batting: SHB Jose Santiago 0-0: Ground out 6-3 (Groundball, 6, EV 80.6 MPH)
Top of the 2nd over - 0 runs, 0 hits, 0 errors, 0 left on base; Brockton 0 - London 1
BOTTOM OF THE 2ND
London Majors batting - Pitching for Brockton Rox : LHP Ryan Davis
Batting: RHB Jerry Perez 0-0: Ball
1-0: SINGLE (Flyball, 5D, EV 98.8 MPH)
Batting: RHB Frank Pinksen 0-0: Swinging Strike
0-1: Ball
1-1: Foul Ball, location: 2F
1-2: Strikes out swinging
Batting: RHB Tom Bergman 0-0: 2-RUN HOME RUN (Flyball, 78XD, EV 112.5 MPH), Distance : 414 ft
Batting: RHB Carlos Murillo 0-0: Ball
1-0: Foul Ball, location: 2F
1-1: Ball
2-1: Foul Ball, location: 2F
2-2: Ground out 4-3 (Groundball, 4M, EV 89.4 MPH)
Batting: RHB Cedric Nicholls 0-0: SINGLE (Line Drive, 7LM, EV 111.2 MPH)
Batting: SHB Toby Patenaude 0-0: Ball
1-0: 2-RUN HOME RUN (Flyball, 7D, EV 96.9 MPH), Distance : 376 ft
Batting: LHB Jessie Stewart 0-0: Foul Ball, location: 2F
0-1: Ball
1-1: Foul Ball, location: 2F
1-2: Fly out, F7 (Flyball, 7D, EV 87.5 MPH)
Bottom of the 2nd over - 4 runs, 4 hits, 0 errors, 0 left on base; Brockton 0 - London 5
TOP OF THE 3RD
Brockton Rox batting - Pitching for London Majors : RHP Tony Ortiz
Batting: RHB Joe Lewis 0-0: Called Strike
0-1: Foul Ball, location: 2F
0-2: Ball
1-2: Strikes out swinging
Batting: RHB Ryan Davis 0-0: Foul Ball, location: 2F
0-1: Swinging Strike
0-2: Strikes out swinging
Batting: RHB Panam Palmer 0-0: Foul Ball, location: 2F
0-1: Ball
1-1: Foul Ball, location: 2F
1-2: Strikes out swinging
Top of the 3rd over - 0 runs, 0 hits, 0 errors, 0 left on base; Brockton 0 - London 5
BOTTOM OF THE 3RD
London Majors batting - Pitching for Brockton Rox : LHP Ryan Davis
Batting: RHB Cormackle Poohdatoot 0-0: Called Strike
0-1: Swinging Strike
0-2: Strikes out looking
Batting: SHB Steve Ramsey 0-0: Ball
1-0: Foul Ball, location: 2F
1-1: Foul Ball, location: 2F
1-2: Strikes out swinging
Batting: RHB Jerry Perez 0-0: Ball
1-0: Swinging Strike
1-1: Swinging Strike
1-2: Strikes out swinging
Bottom of the 3rd over - 0 runs, 0 hits, 0 errors, 0 left on base; Brockton 0 - London 5
TOP OF THE 4TH
Brockton Rox batting - Pitching for London Majors : RHP Tony Ortiz
Batting: LHB Eric Gaugler 0-0: Called Strike
0-1: Ball
1-1: Called Strike
1-2: Strikes out swinging
Batting: RHB Jose Blocker 0-0: Called Strike
0-1: Called Strike
0-2: Strikes out swinging
Batting: RHB Bob Reichley 0-0: Fly out, F8 (Flyball, 8LM, EV 91.2 MPH)
Top of the 4th over - 0 runs, 0 hits, 0 errors, 0 left on base; Brockton 0 - London 5
BOTTOM OF THE 4TH
London Majors batting - Pitching for Brockton Rox : LHP Ryan Davis
Batting: RHB Frank Pinksen 0-0: Ball
1-0: Ground out 5-3 (Groundball, 56, EV 100.0 MPH)
Batting: RHB Tom Bergman 0-0: Ball
1-0: Called Strike
1-1: Foul Ball, location: 2F
1-2: Strikes out looking
Batting: RHB Carlos Murillo 0-0: Foul Ball, location: 2F
0-1: Foul Ball, location: 2F
0-2: Ball
1-2: Ground out 6-3 (Groundball, 4M, EV 101.9 MPH)
Bottom of the 4th over - 0 runs, 0 hits, 0 errors, 0 left on base; Brockton 0 - London 5
TOP OF THE 5TH
Brockton Rox batting - Pitching for London Majors : RHP Tony Ortiz
Batting: RHB Luis Nino 0-0: Ball
1-0: Ground out 5-3 (Groundball, 56S, EV 88.8 MPH)
Batting: SHB Mel Gonzalez 0-0: Ball
1-0: Ball
2-0: Ball
3-0: Called Strike
3-1: Called Strike
3-2: Base on Balls
Batting: SHB Jose Santiago 0-0: Ball
1-0: Fly out, F5 (Popup, 5F, EV 54.4 MPH)
Batting: RHB Joe Lewis 0-0: Ball
1-0: SINGLE (Line Drive, 8LS, EV 100.0 MPH)
Mel Gonzalez to second
Batting: RHB Ryan Davis 0-0: Called Strike
0-1: Ball
1-1: Foul Ball, location: 2F
1-2: Ball
2-2: Ball
3-2: Strikes out swinging
Top of the 5th over - 0 runs, 1 hit, 0 errors, 2 left on base; Brockton 0 - London 5
BOTTOM OF THE 5TH
London Majors batting - Pitching for Brockton Rox : LHP Ryan Davis
Batting: RHB Cedric Nicholls 0-0: Called Strike
0-1: Swinging Strike
0-2: Foul Ball, location: 2F
0-2: Ground out 4-3 (Groundball, 4, EV 85.6 MPH)
Batting: SHB Toby Patenaude 0-0: Called Strike
0-1: Called Strike
0-2: Foul Ball, location: 2F
0-2: Ball
1-2: Strikes out swinging
Batting: LHB Jessie Stewart 0-0: Ball
1-0: SOLO HOME RUN (Line Drive, 89XD, EV 113.8 MPH), Distance : 441 ft
Batting: RHB Cormackle Poohdatoot 0-0: Ball
1-0: Swinging Strike
1-1: Fly out, F9 (Line Drive, 89S, EV 93.8 MPH)
Bottom of the 5th over - 1 run, 1 hit, 0 errors, 0 left on base; Brockton 0 - London 6
TOP OF THE 6TH
Brockton Rox batting - Pitching for London Majors : RHP Tony Ortiz
Batting: RHB Panam Palmer 0-0: Called Strike
0-1: Swinging Strike
0-2: Ball
1-2: Ball
2-2: Ball
3-2: Base on Balls
Batting: LHB Eric Gaugler 0-0: Called Strike
0-1: Ball
1-1: Ball
2-1: Swinging Strike
2-2: Strikes out swinging
Batting: RHB Jose Blocker 0-0: Called Strike
0-1: Ball
1-1: Foul Ball, location: 2F
1-2: Strikes out looking
Batting: RHB Bob Reichley 0-0: Foul Ball, location: 2F
0-1: Swinging Strike
0-2: Ball
1-2: Strikes out swinging
Top of the 6th over - 0 runs, 0 hits, 0 errors, 1 left on base; Brockton 0 - London 6
BOTTOM OF THE 6TH
London Majors batting - Pitching for Brockton Rox : LHP Ryan Davis
Pitching: LHP Jamie Corbin
Batting: SHB Steve Ramsey 0-0: Hit by Pitch
Pinch Hitting: LHB Edwin Esparza 0-0: Ball
1-0: Ball
2-0: Called Strike
2-1: Foul Ball, location: 2F
2-2: Ball
3-2: 2-RUN HOME RUN (Flyball, 9D, EV 96.9 MPH), Distance : 388 ft
Batting: RHB Frank Pinksen 0-0: Foul Ball, location: 2F
0-1: Swinging Strike
0-2: Ball
1-2: Ball
2-2: Foul Ball, location: 2F
2-2: Strikes out swinging
Batting: RHB Tom Bergman 0-0: Ball
1-0: Ball
2-0: Foul Ball, location: 2F
2-1: Foul Ball, location: 2F
2-2: Strikes out swinging
Batting: RHB Carlos Murillo 0-0: Ground out 4-3 (Groundball, 4, EV 82.5 MPH)
Bottom of the 6th over - 2 runs, 1 hit, 0 errors, 0 left on base; Brockton 0 - London 8
TOP OF THE 7TH
Brockton Rox batting - Pitching for London Majors : RHP Tony Ortiz
Now at 3B: Edwin Esparza
Batting: RHB Luis Nino 0-0: SOLO HOME RUN (Flyball, 78XD, EV 110.0 MPH), Distance : 419 ft
Batting: SHB Mel Gonzalez 0-0: Ball
1-0: Ball
2-0: Called Strike
2-1: Ball
3-1: Swinging Strike
3-2: Base on Balls
Batting: SHB Jose Santiago 0-0: Ball
1-0: Foul Ball, location: 2F
1-1: Grounds into double play, 5-4-3 (Groundball, 56, EV 87.5 MPH)
Batting: RHB Joe Lewis 0-0: Foul Ball, location: 2F
0-1: Hit by Pitch
Batting: RHB Ryan Davis 0-0: Called Strike
0-1: Ball
1-1: 2-RUN HOME RUN (Flyball, 78XD, EV 106.2 MPH), Distance : 406 ft
Batting: RHB Panam Palmer 0-0: Called Strike
0-1: Called Strike
0-2: Foul Ball, location: 2F
0-2: Hit by Pitch, AND HE CHARGES THE MOUND! The benches clear!
Pitching: RHP Mitsuaki Okazaki
Pinch Runner at 1st Eric McClelland:
Batting: LHB Eric Gaugler 0-0: Swinging Strike
0-1: Ball
1-1: Ball
2-1: Ball
3-1: Base on Balls
Eric McClelland to second
Batting: RHB Jose Blocker 0-0: Foul Ball, location: 2F
0-1: Ball
1-1: Foul Ball, location: 2F
1-2: Ball
2-2: Strikes out looking
Top of the 7th over - 3 runs, 2 hits, 0 errors, 2 left on base; Brockton 3 - London 8
BOTTOM OF THE 7TH
London Majors batting - Pitching for Brockton Rox : LHP Jamie Corbin
Now in RF: Isaiah Spitzbarth
Batting: RHB Cedric Nicholls 0-0: Ball
1-0: Fly out, F9 (Line Drive, 89S, EV 105.6 MPH)
Batting: SHB Toby Patenaude 0-0: Called Strike
0-1: Ball
1-1: Called Strike
1-2: Hit by Pitch
Batting: LHB Jessie Stewart 0-0: Called Strike
0-1: Hit by Pitch
Toby Patenaude to second
Pinch Hitting: RHB Manny Corral 0-0: DOUBLE (Groundball, 5L, EV 111.9 MPH)
Toby Patenaude scores
Jessie Stewart to third
Pitching: RHP Jeff Williams
Batting: SHB Steve Ramsey 0-0: Foul Ball, location: 2F
0-1: Swinging Strike
0-2: Strikes out swinging
Batting: LHB Edwin Esparza 0-0: Ball
1-0: Called Strike
1-1: Called Strike
1-2: Strikes out swinging
Bottom of the 7th over - 1 run, 1 hit, 0 errors, 2 left on base; Brockton 3 - London 9
TOP OF THE 8TH
Brockton Rox batting - Pitching for London Majors : RHP Mitsuaki Okazaki
Now at 1B: Jessie Stewart
Now at 3B: Manny Corral
Now in RF: Edwin Esparza
Batting: RHB Bob Reichley 0-0: Ball
1-0: Ground out 4-3 (Groundball, 4, EV 88.8 MPH)
Batting: RHB Luis Nino 0-0: Ball
1-0: Foul Ball, location: 2F
1-1: Ground out 6-3 (Groundball, 6, EV 82.5 MPH)
Batting: SHB Mel Gonzalez 0-0: Ball
1-0: Ball
2-0: Fly out, F7 (Flyball, 7, EV 96.9 MPH)
Top of the 8th over - 0 runs, 0 hits, 0 errors, 0 left on base; Brockton 3 - London 9
BOTTOM OF THE 8TH
London Majors batting - Pitching for Brockton Rox : RHP Jeff Williams
Batting: RHB Frank Pinksen 0-0: Ball
1-0: Called Strike
1-1: Called Strike
1-2: Strikes out swinging
Pinch Hitting: RHB Mel Bohorquez 0-0: Called Strike
0-1: Ball
1-1: Foul Ball, location: 2F
1-2: Strikes out swinging
Batting: RHB Carlos Murillo 0-0: Ball
1-0: Ball
2-0: Ball
3-0: Base on Balls
Batting: RHB Cedric Nicholls 0-0: Called Strike
0-1: Ball
1-1: Ball
2-1: Fly out, F7 (Flyball, 7LM, EV 88.8 MPH)
Bottom of the 8th over - 0 runs, 0 hits, 0 errors, 1 left on base; Brockton 3 - London 9
TOP OF THE 9TH
Brockton Rox batting - Pitching for London Majors : RHP Mitsuaki Okazaki
Now in LF: Salvador Ramos
Batting: SHB Jose Santiago 0-0: Called Strike
0-1: Ball
1-1: Ball
2-1: Called Strike
2-2: Ball
3-2: Foul Ball, location: 2F
3-2: Strikes out swinging
Batting: RHB Joe Lewis 0-0: Ball
1-0: Swinging Strike
1-1: Called Strike
1-2: Ball
2-2: Foul Ball, location: 2F
2-2: Strikes out swinging
Batting: RHB Ryan Davis 0-0: Hit by Pitch
Pinch Hitting: RHB Matt Walker 0-0: Swinging Strike
0-1: Ball
Passed Ball!
Ryan Davis to second
1-1: Swinging Strike
1-2: Strikes out swinging
Top of the 9th over - 0 runs, 0 hits, 0 errors, 1 left on base; Brockton 3 - London 9
Tuesday, March 28th , 2023 - OOTP Baseball 23.10 Build 110